General information
- name: BNet
- type: Ladder team game (AT/RT)
- host: Battle.net
- saver: HAEUAHEAUEHAEUA
map: GoldRush
- players: 8
- length: 37:58
- speed: Fast
- version: 1.26 W3XP
- replay type: Public
» download(237 KB)
Players
team 1 (loser)

»
USUCKBALLS1 (
purple | 33 APM | 1240 actions | 37:47)
7 Warden
3 Fan of Knives
1 Blink
2 Shadow Strike
1 Spirit of Vengeance
» actions
| Assign group hotkey | 25 | |
| Build / train | 79 | |
| ESC pressed | 7 | |
| Enter build submenu | 43 | |
| Enter hero's abilities submenu | 7 | |
| Remove unit from queue | 2 | |
| Right click | 541 | |
| Select / deselect | 361 | |
| Select group hotkey | 81 | |
| Use ability | 94 | |
1240 total
» units
| Wisp | 24 | |
| Archer | 9 | |
| Huntress | 22 | |
| Hippogryph | 2 | |
| Chimaera | 5 | |
62 total
» upgrades
| Moon Armor | 1 | |
| Corrosive Breath | 1 | |
| Strength of the Wild | 1 | |
| Reinforced Hides | 1 | |
4 total
» buildings
| Altar of Elders | 3 | |
| Moon Well | 18 | |
| Ancient of War | 3 | |
| Hunter's Hall | 3 | |
| Ancient Protector | 3 | |
| Tree of Ages | 2 | |
| Tree of Eternity | 1 | |
| Ancient of Wind | 1 | |
| Chimaera Roost | 2 | |
| Tree of Life | 2 | |
| Ancient of Lore | 4 | |
42 total
» build order
00:22 Altar of Elders
00:39 Moon Well
01:10 Ancient of War
01:50 Moon Well
02:29 Hunter's Hall
03:12 Moon Well
03:38 Ancient Protector
04:12 Moon Well
05:35 Tree of Ages
05:44 Ancient Protector
06:58 Ancient Protector
07:02 Moon Well
08:02 Tree of Eternity
08:08 Ancient of Wind
08:33 Moon Well
09:54 Moon Well
10:43 Chimaera Roost
11:00 Chimaera Roost
13:38 Moon Well
14:07 Tree of Life
18:35 Ancient of Lore
18:37 Ancient of Lore
19:35 Ancient of Lore
19:37 Ancient of Lore
20:18 Ancient of War
20:21 Ancient of War
21:21 Tree of Life
21:41 Hunter's Hall
23:05 Moon Well
23:21 Tree of Ages
25:15 Moon Well
27:05 Moon Well
27:07 Moon Well
27:09 Moon Well
27:11 Moon Well
29:01 Hunter's Hall
29:54 Moon Well
30:04 Altar of Elders
30:46 Moon Well
31:47 Moon Well
33:05 Altar of Elders
34:21 Moon Well

»
nicolasrivard (
orange | 53 APM | 2020 actions | 37:56)
6 Archmage
2 Summon Water Elemental
2 Brilliance Aura
1 Blizzard
1 Mass Teleport
6 Paladin
2 Divine Shield
2 Holy Light
1 Devotion Aura
1 Resurrection
» actions
| Assign group hotkey | 51 | |
| Basic commands | 18 | |
| Build / train | 83 | |
| Enter build submenu | 25 | |
| Enter hero's abilities submenu | 12 | |
| Remove unit from queue | 1 | |
| Right click | 749 | |
| Select / deselect | 259 | |
| Select group hotkey | 739 | |
| Use ability | 83 | |
2020 total
» units
| Peasant | 10 | |
| Footman | 3 | |
| Rifleman | 12 | |
| Siege Engine | 2 | |
| Mortar Team | 17 | |
44 total
» upgrades
| Gunpowder | 3 | |
| Armor | 3 | |
| Long Rifles | 1 | |
| Lumber Harvesting | 1 | |
| Barrage | 1 | |
| Flare | 1 | |
| Fragmentation Shards | 1 | |
11 total
» buildings
| Farm | 8 | |
| Altar of Kings | 1 | |
| Barracks | 1 | |
| Lumber Mill | 1 | |
| Blacksmith | 1 | |
| Scout Tower | 6 | |
| Arcane Tower | 1 | |
| Arcane Vault | 1 | |
| Keep | 1 | |
| Castle | 1 | |
| Guard Tower | 4 | |
| Town Hall | 2 | |
| Workshop | 2 | |
30 total
» build order
00:12 Farm
00:13 Farm
00:23 Altar of Kings
00:29 Barracks
01:57 Lumber Mill
02:09 Farm
02:15 Blacksmith
02:23 Scout Tower
02:57 Arcane Tower
03:19 Farm
04:03 Arcane Vault
04:16 Keep
04:34 Scout Tower
04:40 Farm
07:12 Castle
07:19 Guard Tower
08:09 Town Hall
10:59 Workshop
11:03 Workshop
11:41 Scout Tower
11:44 Scout Tower
11:45 Scout Tower
12:31 Guard Tower
13:25 Guard Tower
13:39 Guard Tower
16:46 Farm
16:47 Farm
16:55 Farm
18:44 Town Hall
22:19 Scout Tower
» items
| Scroll of Regeneration | 2 | |
| Scroll of Town Portal | 1 | |
| Orb of Fire | 1 | |
| Ivory Tower | 2 | |
6 total
IceFrosty (
red | 31 APM | 1010 actions | 32:32)
3 Warden
1 Blink
1 Fan of Knives
1 Shadow Strike
4 Priestess of the Moon
2 Trueshot Aura
2 Searing Arrows
» actions
| Build / train | 68 | |
| Enter build submenu | 21 | |
| Enter hero's abilities submenu | 7 | |
| Remove unit from queue | 2 | |
| Right click | 402 | |
| Select / deselect | 409 | |
| Use ability | 101 | |
1010 total
» units
| Wisp | 21 | |
| Archer | 7 | |
| Huntress | 3 | |
| Hippogryph | 5 | |
| Chimaera | 2 | |
38 total
» upgrades
| Ultravision | 1 | |
| Strength of the Moon | 2 | |
| Improved Bows | 1 | |
| Moon Armor | 1 | |
| Strength of the Wild | 2 | |
| Sentinel | 1 | |
| Hippogryph Taming | 1 | |
| Abolish Magic | 1 | |
| Well Spring | 1 | |
| Reinforced Hides | 1 | |
| Hardened Skin | 1 | |
| Marksmanship | 1 | |
| Resistant Skin | 1 | |
| Nature's Blessing | 1 | |
16 total
» buildings
| Altar of Elders | 1 | |
| Moon Well | 8 | |
| Ancient of War | 2 | |
| Hunter's Hall | 1 | |
| Ancient of Wonders | 1 | |
| Tree of Ages | 1 | |
| Ancient of Wind | 2 | |
| Ancient of Lore | 2 | |
| Tree of Eternity | 1 | |
| Chimaera Roost | 2 | |
| Tree of Life | 1 | |
22 total
» build order
00:12 Altar of Elders
00:17 Moon Well
00:41 Ancient of War
01:28 Moon Well
02:59 Hunter's Hall
03:21 Moon Well
03:52 Ancient of Wonders
04:32 Tree of Ages
06:51 Ancient of War
07:12 Ancient of Wind
07:18 Ancient of Wind
07:27 Ancient of Lore
07:35 Ancient of Lore
09:02 Tree of Eternity
09:51 Moon Well
12:32 Moon Well
13:29 Chimaera Roost
13:39 Moon Well
15:22 Moon Well
16:53 Moon Well
23:44 Tree of Life
23:56 Chimaera Roost
» items

»
ruschinrocket (
blue | 33 APM | 1248 actions | 37:50)
10 Blademaster
3 Wind Walk
3 Critical Strike
1 Bladestorm
3 Mirror Image
» actions
| Basic commands | 126 | |
| Build / train | 75 | |
| ESC pressed | 1 | |
| Enter build submenu | 28 | |
| Enter hero's abilities submenu | 10 | |
| Give item / drop item | 6 | |
| Remove unit from queue | 1 | |
| Right click | 424 | |
| Select / deselect | 501 | |
| Use ability | 76 | |
1248 total
» units
» upgrades
| Armor | 3 | |
| Melee Weapons | 3 | |
| Berserker Strength | 1 | |
| Spiked Barricades | 3 | |
| Pillage | 1 | |
| Reinforced Defenses | 1 | |
| Pulverize | 1 | |
13 total
» buildings
| Altar of Storms | 1 | |
| Orc Burrow | 8 | |
| Barracks | 1 | |
| War Mill | 2 | |
| Great Hall | 3 | |
| Watch Tower | 7 | |
| Stronghold | 1 | |
| Voodoo Lounge | 1 | |
| Fortress | 1 | |
| Tauren Totem | 3 | |
28 total
» build order
00:06 Altar of Storms
00:09 Orc Burrow
01:06 Barracks
01:30 Orc Burrow
02:10 War Mill
03:51 Great Hall
04:01 Watch Tower
04:47 Stronghold
04:55 Voodoo Lounge
05:13 Watch Tower
05:47 Orc Burrow
06:20 Watch Tower
06:51 Orc Burrow
07:08 Fortress
07:25 Watch Tower
07:51 Orc Burrow
08:29 Watch Tower
08:49 Orc Burrow
09:34 Tauren Totem
09:36 Tauren Totem
09:47 Orc Burrow
09:54 Watch Tower
10:57 Tauren Totem
13:22 Orc Burrow
17:05 War Mill
18:28 Great Hall
29:23 Great Hall
33:38 Watch Tower
» items
| Potion of Healing | 5 | |
| Orb of Lightning | 2 | |
| Scroll of Town Portal | 2 | |
9 total
team 2 (winner)

»
ShutUpHomo (
green | 53 APM | 2019 actions | 37:56)
4 Archmage
2 Summon Water Elemental
2 Blizzard
4 Paladin
2 Holy Light
2 Divine Shield
» actions
| Basic commands | 72 | |
| Build / train | 106 | |
| Enter build submenu | 28 | |
| Enter hero's abilities submenu | 8 | |
| Give item / drop item | 1 | |
| Remove unit from queue | 7 | |
| Right click | 880 | |
| Select / deselect | 839 | |
| Use ability | 78 | |
2019 total
» units
| Peasant | 18 | |
| Footman | 8 | |
| Siege Engine | 19 | |
| Ogre Mauler | 1 | |
| Mud Golem | 1 | |
| Forest Troll Berserker | 1 | |
| Forest Troll Shadow Priest | 1 | |
| Knight | 17 | |
66 total
» upgrades
| Gunpowder | 3 | |
| Plating | 3 | |
| Lumber Harvesting | 2 | |
| Barrage | 1 | |
| Animal War Training | 1 | |
| Swords | 3 | |
13 total
» buildings
| Farm | 13 | |
| Altar of Kings | 1 | |
| Barracks | 2 | |
| Keep | 1 | |
| Arcane Vault | 2 | |
| Blacksmith | 1 | |
| Town Hall | 4 | |
| Workshop | 4 | |
| Castle | 1 | |
| Lumber Mill | 2 | |
| Scout Tower | 15 | |
| Guard Tower | 6 | |
52 total
» build order
00:23 Farm
00:29 Farm
00:37 Altar of Kings
01:16 Barracks
01:58 Farm
02:01 Farm
02:02 Farm
02:03 Farm
03:08 Keep
04:00 Arcane Vault
04:19 Blacksmith
05:18 Town Hall
05:41 Workshop
05:46 Workshop
07:14 Castle
07:38 Lumber Mill
07:44 Lumber Mill
08:05 Town Hall
11:07 Farm
11:08 Farm
11:11 Farm
11:12 Farm
11:13 Farm
11:14 Farm
13:56 Scout Tower
13:57 Scout Tower
13:58 Scout Tower
14:03 Scout Tower
14:04 Scout Tower
14:10 Scout Tower
14:15 Scout Tower
14:16 Scout Tower
14:17 Scout Tower
14:19 Scout Tower
14:21 Scout Tower
14:22 Scout Tower
14:23 Scout Tower
14:25 Scout Tower
14:27 Scout Tower
14:58 Farm
16:04 Guard Tower
16:08 Guard Tower
16:11 Guard Tower
16:52 Guard Tower
18:19 Guard Tower
19:24 Guard Tower
21:18 Workshop
21:23 Workshop
25:51 Barracks
31:07 Arcane Vault
34:07 Town Hall
36:08 Town Hall
» items
| Scroll of Regeneration | 1 | |
| Potion of Mana | 1 | |
2 total

»
WoRtHlEsS-j (
teal | 32 APM | 1213 actions | 37:56)
7 Blademaster
1 Wind Walk
3 Mirror Image
2 Critical Strike
1 Bladestorm
5 Tauren Chieftain
2 War Stomp
3 Endurance Aura
» actions
| Assign group hotkey | 25 | |
| Build / train | 81 | |
| Enter build submenu | 51 | |
| Enter hero's abilities submenu | 13 | |
| Remove unit from queue | 2 | |
| Right click | 520 | |
| Select / deselect | 312 | |
| Select group hotkey | 115 | |
| Use ability | 94 | |
1213 total
» units
| Peon | 11 | |
| Grunt | 3 | |
| Tauren | 6 | |
| Shaman | 11 | |
| Wind Rider | 7 | |
| Raider | 8 | |
46 total
» upgrades
| Armor | 2 | |
| Melee Weapons | 2 | |
| Shaman Training | 2 | |
| Pulverize | 1 | |
| Spiked Barricades | 1 | |
| Ranged Weapons | 3 | |
| Envenomed Spears | 1 | |
| Ensnare | 1 | |
13 total
» buildings
| Altar of Storms | 4 | |
| Orc Burrow | 17 | |
| Barracks | 1 | |
| War Mill | 2 | |
| Voodoo Lounge | 2 | |
| Watch Tower | 10 | |
| Stronghold | 2 | |
| Fortress | 2 | |
| Spirit Lodge | 2 | |
| Tauren Totem | 2 | |
| Great Hall | 1 | |
| Beastiary | 2 | |
47 total
» build order
00:10 Altar of Storms
00:15 Orc Burrow
01:23 Barracks
01:58 Orc Burrow
02:12 War Mill
02:47 Voodoo Lounge
04:09 Watch Tower
04:14 Watch Tower
05:03 Stronghold
05:29 Orc Burrow
07:07 Orc Burrow
07:11 Orc Burrow
07:20 Orc Burrow
08:50 Fortress
09:27 Spirit Lodge
11:16 Tauren Totem
11:21 Tauren Totem
13:04 Orc Burrow
13:41 Orc Burrow
16:29 Orc Burrow
18:40 Great Hall
18:54 Orc Burrow
19:01 Orc Burrow
21:04 Altar of Storms
22:07 Altar of Storms
23:02 Spirit Lodge
24:21 War Mill
24:22 Stronghold
24:32 Orc Burrow
24:36 Altar of Storms
25:04 Orc Burrow
25:44 Watch Tower
25:49 Watch Tower
25:54 Watch Tower
26:00 Watch Tower
26:07 Watch Tower
26:18 Watch Tower
26:44 Watch Tower
26:50 Fortress
27:10 Watch Tower
30:10 Beastiary
30:17 Beastiary
30:25 Orc Burrow
31:43 Orc Burrow
32:52 Orc Burrow
33:57 Orc Burrow
37:02 Voodoo Lounge
» items
| Healing Salve | 1 | |
| Scroll of Speed | 1 | |
| Scroll of Town Portal | 1 | |
3 total
HAEUAHEAUEHAEUA (
yellow | 64 APM | 2422 actions | 37:58)
10 Crypt Lord
3 Carrion Beetles
3 Spiked Carapace
1 Locust Swarm
3 Impale
» actions
| Assign group hotkey | 51 | |
| Basic commands | 40 | |
| Build / train | 116 | |
| Enter build submenu | 27 | |
| Enter hero's abilities submenu | 10 | |
| Give item / drop item | 7 | |
| Remove unit from queue | 1 | |
| Right click | 921 | |
| Select / deselect | 506 | |
| Select group hotkey | 546 | |
| Use ability | 197 | |
2422 total
» units
| Acolyte | 7 | |
| Ghoul | 5 | |
| Crypt Fiend | 8 | |
| Obsidian Statue | 2 | |
| Abomination | 13 | |
| Gargoyle | 14 | |
| Meatwagon | 2 | |
51 total
» upgrades
| Creature Attack | 3 | |
| Creature Carapace | 3 | |
| Web | 1 | |
| Destroyer Form | 1 | |
| Unholy Strength | 3 | |
| Ghoul Frenzy | 1 | |
| Unholy Armor | 3 | |
| Disease Cloud | 1 | |
| Cannibalize | 1 | |
| Backpack | 1 | |
| Burrow | 1 | |
| Exhume Corpses | 1 | |
20 total
» buildings
| Altar of Darkness | 1 | |
| Ziggurat | 16 | |
| Crypt | 1 | |
| Graveyard | 2 | |
| Nerubian Tower | 1 | |
| Tomb of Relics | 1 | |
| Halls of the Dead | 2 | |
| Spirit Tower | 12 | |
| Slaughterhouse | 1 | |
| Black Citadel | 3 | |
40 total
» build order
00:11 Altar of Darkness
00:13 Ziggurat
00:34 Crypt
01:09 Graveyard
01:45 Ziggurat
02:39 Nerubian Tower
02:52 Tomb of Relics
03:32 Ziggurat
05:26 Halls of the Dead
05:26 Halls of the Dead
06:26 Ziggurat
06:30 Ziggurat
07:28 Spirit Tower
07:31 Spirit Tower
07:32 Ziggurat
07:56 Slaughterhouse
09:52 Black Citadel
10:20 Black Citadel
10:23 Spirit Tower
10:24 Ziggurat
12:03 Spirit Tower
12:04 Ziggurat
12:17 Spirit Tower
14:00 Spirit Tower
14:05 Spirit Tower
18:41 Ziggurat
18:42 Ziggurat
18:43 Ziggurat
20:11 Spirit Tower
20:11 Spirit Tower
20:12 Spirit Tower
25:30 Ziggurat
25:32 Ziggurat
26:47 Spirit Tower
30:00 Graveyard
34:22 Ziggurat
34:23 Ziggurat
34:24 Ziggurat
35:22 Spirit Tower
» items
| Rod of Necromancy | 1 | |
| Healing Salve | 2 | |
| Scroll of Town Portal | 4 | |
| Boots of Speed | 1 | |
| Orb of Corruption | 1 | |
| Scroll of Healing | 3 | |
| Orb of Lightning | 1 | |
| Potion of Healing | 2 | |
15 total

»
footman100 (
pink | 30 APM | 1154 actions | 37:56)
7 Mountain King
3 Storm Bolt
3 Bash
1 Avatar
5 Paladin
3 Holy Light
2 Divine Shield
» actions
| Assign group hotkey | 28 | |
| Basic commands | 37 | |
| Build / train | 120 | |
| Enter build submenu | 45 | |
| Enter hero's abilities submenu | 12 | |
| Give item / drop item | 1 | |
| Right click | 278 | |
| Select / deselect | 277 | |
| Select group hotkey | 245 | |
| Use ability | 111 | |
1154 total
» units
| Peasant | 25 | |
| Footman | 6 | |
| Rifleman | 10 | |
| Mortar Team | 9 | |
| Priest | 8 | |
| Sorceress | 5 | |
| Spell Breaker | 2 | |
| Knight | 1 | |
66 total
» upgrades
| Defend | 1 | |
| Masonry | 1 | |
| Lumber Harvesting | 1 | |
| Swords | 1 | |
| Priest Training | 2 | |
| Sorceress Training | 1 | |
| Magic Sentry | 1 | |
| Fragmentation Shards | 1 | |
9 total
» buildings
| Altar of Kings | 2 | |
| Farm | 12 | |
| Barracks | 2 | |
| Scout Tower | 16 | |
| Arcane Tower | 1 | |
| Lumber Mill | 1 | |
| Arcane Vault | 2 | |
| Guard Tower | 12 | |
| Keep | 3 | |
| Town Hall | 2 | |
| Blacksmith | 1 | |
| Arcane Sanctum | 1 | |
| Workshop | 1 | |
| Castle | 2 | |
58 total
» build order
00:10 Altar of Kings
00:14 Farm
00:40 Barracks
01:05 Farm
01:29 Scout Tower
01:51 Farm
02:31 Arcane Tower
02:40 Scout Tower
03:28 Farm
03:35 Lumber Mill
03:52 Arcane Vault
04:13 Farm
04:58 Farm
05:12 Guard Tower
05:14 Keep
06:42 Town Hall
06:49 Scout Tower
07:17 Guard Tower
07:19 Scout Tower
07:49 Blacksmith
07:52 Keep
07:58 Scout Tower
08:01 Guard Tower
08:48 Guard Tower
09:27 Scout Tower
12:44 Arcane Sanctum
13:13 Farm
13:18 Farm
14:06 Workshop
14:16 Farm
15:03 Farm
15:48 Farm
16:46 Farm
16:58 Castle
19:57 Altar of Kings
21:23 Scout Tower
21:30 Scout Tower
21:54 Arcane Vault
22:07 Guard Tower
22:11 Scout Tower
22:26 Keep
22:39 Scout Tower
22:41 Guard Tower
23:22 Scout Tower
23:24 Guard Tower
24:13 Guard Tower
24:15 Scout Tower
25:29 Scout Tower
25:31 Guard Tower
25:36 Castle
26:00 Scout Tower
26:02 Guard Tower
26:41 Scout Tower
26:42 Guard Tower
27:16 Scout Tower
27:18 Guard Tower
27:59 Barracks
34:16 Town Hall
» items
| Scroll of Regeneration | 2 | |
| Lesser Clarity Potion | 1 | |
| Periapt of Vitality | 3 | |
| Scroll of Town Portal | 5 | |
| Potion of Lesser Invulnerability | 1 | |
| Orb of Fire | 1 | |
13 total
Chat log
(00:08 / All) HAEUAHEAUEHAEUA: almost everyone is random
(00:18 / All) ruschinrocket: cool story hansel!
(00:28 / All) HAEUAHEAUEHAEUA: cool 4chan meme, /b/tard
(01:29 / Allies) ShutUpHomo: c/c fast expo?
(01:31 / Allies) HAEUAHEAUEHAEUA: fiend/destro maybe aboms instead of destro depending on their units
(01:40 / Allies) HAEUAHEAUEHAEUA: I can cc with my build
(02:06 / Allies) HAEUAHEAUEHAEUA: let's fast expo
(06:06 / Allies) WoRtHlEsS-j: help
(06:22 / Allies) HAEUAHEAUEHAEUA: omw
(06:44 / Allies) ShutUpHomo: pink?
(07:48 / Allies) HAEUAHEAUEHAEUA: b
(09:00 / Allies) HAEUAHEAUEHAEUA: let's creep this
(09:13 / Allies) ShutUpHomo: lumber?
(12:10 / Allies) ShutUpHomo: no lumber?
(12:16 / Allies) ShutUpHomo: teal?
(13:36 / Allies) ShutUpHomo: teal , could i please have some lumber?
(13:48 / Allies) WoRtHlEsS-j: np
(17:30 / Allies) ShutUpHomo: lots of tuaren
(17:44 / Allies) HAEUAHEAUEHAEUA: tp
(18:38 / Allies) HAEUAHEAUEHAEUA: counter
(19:31 / Allies) footman100: help
(21:41 / Allies) HAEUAHEAUEHAEUA: tp
(21:43 / Allies) WoRtHlEsS-j: help
(21:56 / Allies) ShutUpHomo: u got it yellow
(23:48 / Allies) WoRtHlEsS-j: help
(24:02 / Allies) HAEUAHEAUEHAEUA: GREEN AND PINk, get units
(27:20 / Allies) HAEUAHEAUEHAEUA: lol
(29:08 / Allies) HAEUAHEAUEHAEUA: gj
(29:32 / Allies) WoRtHlEsS-j: heal me
(30:15 / All) ruschinrocket: red just fed you all my taruens you're welcome
(30:20 / All) HAEUAHEAUEHAEUA: ty
(30:39 / Allies) ShutUpHomo: brb
(30:50 / All) HAEUAHEAUEHAEUA: this game shows the power of crypt lord beetle harass
(31:17 / All) ruschinrocket: if i didn't have to babysit red no
(31:30 / All) HAEUAHEAUEHAEUA: 2 expos died to just summons
(31:50 / All) ruschinrocket: red is fucking terrible
(31:59 / All) HAEUAHEAUEHAEUA: so were you, Mr. Mass Tauren
(32:02 / All) ruschinrocket: if he had gone chims right off the bat like i told him we wouldn't have a problem
(32:07 / All) HAEUAHEAUEHAEUA: 588-641, awful
(32:18 / Allies) footman100: gold pls
(32:21 / All) ruschinrocket: watch the final score yellow....
(32:25 / All) HAEUAHEAUEHAEUA: ok I will
(32:30 / All) HAEUAHEAUEHAEUA: doesn't make you good if you're the top btw
(32:36 / All) HAEUAHEAUEHAEUA: just means you did less with your units
(32:47 / All) ruschinrocket: if that's what you think
(32:51 / All) HAEUAHEAUEHAEUA: because in this case, I raped all of you EZ
(32:57 / All) ruschinrocket: if you think so
(33:34 / Allies) ShutUpHomo: rdyu?
(34:00 / Allies) HAEUAHEAUEHAEUA: get siege
(34:11 / Allies) HAEUAHEAUEHAEUA: and hit expos
(35:42 / All) HAEUAHEAUEHAEUA: huntresses this far into the game
(35:43 / All) HAEUAHEAUEHAEUA: lol
(36:16 / All) USUCKBALLS1: you distroyed my base early
(36:19 / All) USUCKBALLS1: lol
(36:24 / All) HAEUAHEAUEHAEUA: they're still just free xp
(37:52 / All) HAEUAHEAUEHAEUA: gg